Map: Ruins of Seras

Players

AcerBly (Bly) - Winner!

  • Race: Zerg Zerg
  • League: Master

hydra

  • Race: Zerg Zerg
  • League: Platinum

Event: DreamHack ZOWIE Open Leipzig

VOD

Have the link to the VOD?

Description

Time

  • Played on: Jan. 23, 2016, 12:43 p.m.
  • Length: 15:49

All games in this series

Show
View Real Time Build Order
Export as new Build Order

AcerBly Zerg - Winner!

Build Orders: Hatch First, Roach Zergling, Zergling Baneling, Zergling Mutalisk 

Get SALT Encoding   

  12  0:00  Drone  
  13  0:11  Drone  
  14  0:17  Overlord  
  14  0:24  Drone, Extractor  
  15  0:36  Drone x2  
  17  0:44  Drone  
  18  0:56  Hatchery  
  17  1:04  Extractor  
  16  1:12  Spawning Pool  
  16  1:15  Drone  
  16  1:18  Drone  
  16  1:23  Drone  
  18  1:32  Drone  
  19  1:40  Overlord  
  19  1:56  Drone  
  19  2:00  Queen  
  22  2:01  Drone  
  22  2:05  Metabolic Boost  
  23  2:08  Queen  
  23  2:12  Zergling x2  
  26  2:17  Zergling x2  
  27  2:28  Baneling Nest  
  26  2:33  Drone x4  
  30  2:41  Overlord  
  30  2:50  Zergling x2  
  31  2:51  Overlord  
  31  2:57  Evolution Chamber  
  30  2:59  Zergling x2  
  30  3:05  Zergling x4  
  33  3:10  Zergling x2  
  33  3:11  Zergling x4  
  36  3:12  Baneling  
  36  3:13  Baneling x2  
  36  3:14  Baneling  
  36  3:16  Baneling  
  36  3:18  Drone  
  37  3:28  Drone x3  
  37  3:30  Drone  
  41  3:34  Baneling  
  39  3:46  Drone x4  
  43  3:50  Drone x2  
  43  3:51  Drone  
  43  3:55  Extractor  
  43  4:08  Baneling x2  
  43  4:09  Zergling x10  
  48  4:13  Extractor  
  48  4:14  Spine Crawler  
  48  4:15  Extractor  
  43  4:27  Drone x5  
  43  4:29  Lair  
  47  4:40  Drone  
  47  4:41  Drone  
  49  4:46  Drone x2  
  51  4:54  Hatchery  
  51  4:55  Drone, Overlord  
  51  5:01  Overlord  
  51  5:02  Overlord  
  51  5:05  Overlord  
  48  5:19  Roach Warren  
  46  5:24  Spine Crawler x2  
  42  5:29  Spire  
  42  5:34  Zergling x6  
  44  5:38  Zergling x2  
  44  5:39  Zergling x8  
  50  5:44  Spine Crawler  
  48  5:58  Baneling x4  
  48  5:59  Roach x5  
  58  6:07  Overlord  
  58  6:19  Overseer  
  58  6:23  Drone x2  
  58  6:24  Drone x2  
  58  6:25  Overlord  
  62  6:46  Mutalisk  
  62  6:47  Mutalisk x5  
  61  6:51  Drone  
  74  6:59  Hatchery  
  72  7:03  Mutalisk  
  72  7:05  Zerg Flyer Weapons Level 1  
  72  7:07  Mutalisk  
  76  7:21  Ravager x3  
  76  7:22  Roach x2  
  83  7:36  Roach x2  
  83  7:40  Roach  
  81  7:49  Mutalisk x2, Roach  
  82  7:57  Roach  
  84  7:58  Overlord  
  84  8:05  Overlord  
  84  8:16  Roach  
  84  8:17  Roach x6  
  97  8:21  Overlord  
  97  8:22  Overlord  
  97  8:27  Spine Crawler, Ravager  
  97  8:28  Overlord, Ravager x2  
  99  8:35  Roach x3  
  99  8:40  Overlord  
  105  8:50  Roach x3  
  110  9:00  Roach  
  110  9:01  Roach x2  
  89  9:11  Roach x3  
  93  9:23  Mutalisk x2  
  93  9:25  Mutalisk  
  97  9:38  Glial Reconstitution  
  97  9:44  Drone x3  
  97  9:45  Drone  
  101  9:56  Hatchery  
  100  10:06  Mutalisk x3  
  104  10:16  Roach x3  
  104  10:19  Zerg Missile Weapons Level 1  
  110  10:34  Mutalisk x2  
  114  10:38  Overlord x2  
  114  10:55  Roach x6  
  124  11:05  Mutalisk x2  
  128  11:12  Queen  
  130  11:20  Roach  
  130  11:21  Roach x3  
  130  11:24  Extractor  
  139  11:25  Roach  
  139  11:27  Extractor  
Show
View Real Time Build Order
Export as new Build Order

hydra Zerg 

Build Orders: Pool First, Zergling Baneling, Roach Nydus 

Get SALT Encoding   

  12  0:00  Drone  
  13  0:12  Overlord  
  13  0:17  Drone  
  14  0:30  Drone x2  
  14  0:34  Drone  
  17  0:48  Drone, Spawning Pool  
  17  0:51  Extractor  
  17  0:56  Drone  
  17  1:15  Hatchery  
  16  1:27  Drone  
  17  1:34  Queen  
  17  1:36  Drone  
  20  1:40  Drone  
  21  1:47  Overlord  
  21  1:55  Metabolic Boost  
  21  1:58  Drone  
  22  2:10  Queen  
  22  2:15  Baneling Nest  
  23  2:18  Zergling x2  
  24  2:23  Zergling x2  
  24  2:28  Drone  
  24  2:29  Drone  
  27  2:33  Drone  
  28  2:41  Drone  
  28  2:43  Drone x2  
  31  2:48  Overlord  
  31  2:52  Drone  
  31  2:54  Drone  
  31  2:57  Drone  
  33  3:01  Zergling x2  
  34  3:07  Zergling x2  
  34  3:10  Zergling x2  
  34  3:11  Baneling  
  36  3:15  Zergling x2  
  36  3:16  Zergling x2  
  36  3:17  Baneling x2  
  38  3:20  Baneling x2  
  38  3:22  Drone  
  38  3:24  Overlord  
  39  3:28  Drone  
  39  3:29  Drone  
  39  3:31  Drone  
  39  3:32  Drone  
  43  3:39  Baneling x2  
  43  3:41  Queen  
  43  3:45  Drone  
  43  3:46  Drone  
  43  3:47  Drone  
  47  3:50  Drone  
  47  3:52  Extractor  
  47  3:58  Drone  
  47  3:59  Drone x2  
  40  4:03  Zergling x4  
  40  4:04  Zergling x2  
  43  4:10  Baneling x2  
  43  4:16  Roach Warren  
  41  4:18  Drone  
  41  4:19  Drone  
  41  4:24  Zergling x2  
  41  4:26  Overlord  
  41  4:30  Overlord  
  41  4:48  Drone x2  
  41  4:51  Drone  
  44  4:55  Extractor  
  44  4:57  Roach x5  
  53  5:03  Overlord  
  53  5:08  Drone x2  
  53  5:11  Drone  
  53  5:13  Drone  
  56  5:20  Lair  
  55  5:21  Drone  
  55  5:22  Drone  
  55  5:24  Drone  
  58  5:32  Drone  
  58  5:35  Drone  
  60  5:39  Overlord  
  59  5:49  Queen  
  61  5:52  Drone x2  
  62  6:01  Hatchery  
  60  6:06  Overlord  
  60  6:09  Roach  
  62  6:15  Roach x3  
  68  6:20  Queen  
  68  6:24  Nydus Network  
  69  6:25  Queen  
  71  6:39  Roach x3  
  77  6:52  Overlord  
  76  6:54  Spore Crawler  
  76  6:56  Queen  
  76  7:00  Nydus Canal  
  77  7:01  Queen  
  77  7:02  Roach  
  77  7:03  Roach x2  
  85  7:11  Roach x3  
  85  7:15  Nydus Canal  
  91  7:18  Roach  
  91  7:19  Roach  
  97  7:23  Roach  
  91  7:40  Roach  
  91  7:42  Roach  
  91  7:44  Roach x3  
  93  7:49  Roach  
  85  7:51  Roach x2  
  85  7:52  Roach  
  85  7:53  Roach  
  85  7:54  Roach  
  85  7:55  Roach  
  91  7:59  Roach  
  93  8:07  Spore Crawler  
  88  8:15  Ravager x3  
  88  8:16  Ravager x3  
  88  8:18  Queen x2  
  98  8:22  Overlord  
  98  8:43  Spore Crawler  
  97  8:51  Spore Crawler, Roach  
  80  9:06  Roach x7  
  80  9:07  Roach  
  66  9:11  Glial Reconstitution  
  66  9:14  Evolution Chamber  
  60  9:21  Drone  
  61  9:27  Ravager  
  61  9:29  Ravager x2  
  61  9:30  Roach  
  61  9:31  Roach  
  68  9:32  Queen x2  
  68  9:34  Roach  
  68  9:35  Queen  
  78  9:38  Roach  
  78  9:47  Roach x3  
  82  10:01  Zerg Missile Weapons Level 1  
  82  10:07  Overlord x3  
  71  10:14  Drone x2  
  71  10:15  Drone  
  74  10:25  Extractor  
  74  10:26  Roach  
  74  10:27  Roach x3  
  80  10:31  Ravager x2  
  81  10:37  Overlord  
  81  10:38  Overlord  
  81  10:47  Roach x2  
  79  10:52  Roach  
  79  10:54  Spore Crawler  
  78  10:59  Queen  
  76  11:04  Queen  
  76  11:07  Roach  
  76  11:10  Roach  
  80  11:13  Overlord  

Tags
 
Add a new tag
Caveats
  • Supply blocks, unpowered buildings, or Contaminate may cause inaccurate times.
  • Supply counts are checked every 10 seconds.